 Dungeon Crawl Stone Soup version 0.30.0-15-g856e2d3f33 (webtiles) character file.

Game seed: 3294179895705786770

549 RascalDebosk the Magician (level 7, -1/49 HPs)
             Began as a Djinni Conjurer on May 18, 2023.
             Slain by a scorpion (3 damage)
             ... on level 6 of the Dungeon.
             The game lasted 00:18:39 (3457 turns).

RascalDebosk the Magician (Djinni Conjurer)         Turns: 3457, Time: 00:18:40

Health: -1/49      AC:  3    Str:  6    XL:     7   Next: 54%
Gold:   129        EV: 12    Int: 21    God:
                   SH:  0    Dex: 12

rFire   + + .        k - +0 rapier
rCold   x . .        (no shield)
rNeg    . . .        a - +0 robe
rPois   ∞            (no helmet)
rElec   .            q - +0 cloak
rCorr   .            (no gloves)
SInv    .            (boots unavailable)
Will    .....        (no amulet)
Stlth   ++           (no ring)
HPRegen 0.28/turn    (no ring)
MPRegen 0.00/turn

%: infuse magic (-2 HP)
@: flying, very slightly contaminated
A: sickness immunity, fire resistance 2, cold vulnerability 1, float, innate
caster, HP casting, extra vitality 1
a: no special abilities


You were on level 6 of the Dungeon.
You visited 1 branch of the dungeon, and saw 5 of its levels.

You collected 129 gold pieces.

Inventory:

Hand Weapons
 k - a +0 rapier (weapon)
 s - a +0 dagger
Armour
 a - a +0 robe (worn)
 b - a +0 ring mail
 q - a +0 cloak (worn)
Jewellery
 n - an amulet of faith
 p - a ring of fire
Wands
 m - a wand of flame (26)
Scrolls
 c - 2 scrolls of magic mapping {unknown}
 d - 3 scrolls of teleportation {unknown}
 e - 2 scrolls of fear {unknown}
 j - 5 scrolls of identify {unknown}
 o - a scroll of enchant armour {unknown}
 t - a scroll of blinking {unknown}
Potions
 f - 3 potions of curing
 g - 4 potions of attraction {unknown}
 h - 4 potions of haste {unknown}
 i - a potion of lignification {unknown}
 l - 2 potions of degeneration {unknown}
 r - a potion of magic {unknown}
 u - a potion of heal wounds {unknown}
 v - 2 potions of resistance {unknown}


   Skills:
 * Level 2.8 Fighting
 + Level 1.5 Short Blades
 + Level 1.9 Armour
 - Level 2.1 Dodging
 - Level 1.5 Stealth
 * Level 5.5 Spellcasting
 + Level 1.7 Evocations


You knew the following spells:

 Your Spells              Type           Power      Damage    Failure   Level
a - Magic Dart            Conj           100%       1d8       1%          1
b - Searing Ray           Conj           56%        2d6       1%          2
c - Dazzling Flash        Conj/Hex       56%        N/A       3%          3
d - Fulminant Prism       Conj/Hex       14%        3d9       11%         4
e - Iskenderun's Mystic   Conj/Tloc      28%        2d7       11%         4
f - Freeze                Ice            100%       1d10      1%          1
g - Momentum Strike       Conj/Tloc      56%        3d9       1%          2
h - Vhi's Electric Charg  Tloc/Air       56%        N/A       3%          3
Your spell library was empty.

Dungeon Overview and Level Annotations

Branches:
Dungeon (4/15)
 Temple: D:4-7

Altars:


Innate Abilities, Weirdness & Mutations

You are immune to sickness and miasma.
You are immune to poison.
Your flesh is very heat resistant. (rF++)
You are vulnerable to cold. (rC-)
You float through the air rather than walking.
You learn spells naturally, not from books.
Your magical power is your life essence.
You have superior vitality. (+4 MHP)


Message History

Things that are here:
a +0 dagger; a kobold corpse
Things that are here:
a +0 dagger; a kobold corpse A sourceless malevolence fills the Dungeon...
You are sucked into a shaft and drop 2 floors!
The shaft crumbles and collapses.
Found 17 gold pieces, a glaive and a scimitar.
Found 11 gold pieces.
Found an escape hatch in the ceiling.
A scorpion comes into view.
Found a pair of boots.
You see here 17 gold pieces.
Casting: Magic Dart (safe; 1% risk of failure)
Confirm with . or Enter, or press ? or * to list all spells.
The spell is quite dangerous to miscast (11% risk of failure)!
Continue anyway?
You erupt in a blast of force!
The mystic blast hits the scorpion!
The scorpion is moderately wounded.
The scorpion is knocked back by the mystic blast.
You hear a shout!
A centaur comes into view.
The centaur wields a +0 shortbow.
The centaur shoots an arrow.
The arrow hits you.
The centaur shoots an arrow.
The arrow closely misses you. The scorpion barely misses you.
The scorpion stings you. The scorpion stings you.
There is an escape hatch in the ceiling here.
Casting: Iskenderun's Mystic Blast (quite dangerous; 11% risk of failure)
Confirm with . or Enter, or press ? or * to list all spells.
The spell is quite dangerous to miscast (11% risk of failure)!
Continue anyway?
You miscast Iskenderun's Mystic Blast.
You are very lightly contaminated with residual magic.
Strange energies run through your body.
The centaur unwields a +0 shortbow.
The centaur closely misses you. x2; The scorpion stings you.
Casting: Iskenderun's Mystic Blast (quite dangerous; 11% risk of failure)
Confirm with . or Enter, or press ? or * to list all spells.
The spell is quite dangerous to miscast (11% risk of failure)!
Continue anyway?
You erupt in a blast of force!
The mystic blast hits the scorpion but does no damage.
The scorpion is moderately wounded.
The mystic blast hits the centaur!
The centaur is heavily wounded.
The centaur is knocked back by the mystic blast.
The centaur slams into the rock wall!
The centaur is heavily wounded.
The scorpion barely misses you.
Casting: Iskenderun's Mystic Blast (quite dangerous; 11% risk of failure)
Confirm with . or Enter, or press ? or * to list all spells.
The spell is quite dangerous to miscast (11% risk of failure)!
Continue anyway?
You erupt in a blast of force!
The mystic blast hits the scorpion.
The scorpion is severely wounded.
The scorpion is knocked back by the mystic blast.
The mystic blast hits the centaur.
The centaur is almost dead.
The centaur is knocked back by the mystic blast.
* * * LOW HITPOINT WARNING * * *
Casting: Iskenderun's Mystic Blast (quite dangerous; 11% risk of failure)
Confirm with . or Enter, or press ? or * to list all spells.
The spell is quite dangerous to miscast (11% risk of failure)!
Continue anyway?
You erupt in a blast of force!
The mystic blast hits the centaur!
You kill the centaur!
* * * LOW HITPOINT WARNING * * *
Casting: Iskenderun's Mystic Blast (quite dangerous; 11% risk of failure)
Confirm with . or Enter, or press ? or * to list all spells.
Aiming: Magic Dart (safe; 1% risk of failure)
Press: ? - help, Shift-Dir - straight line, f - scorpion
Aim: a scorpion (severely wounded, 100% to hit)
The magic dart hits the scorpion.
The scorpion is severely wounded.
* * * LOW HITPOINT WARNING * * *
The scorpion stings you but does no damage.
Casting: Magic Dart (safe; 1% risk of failure)
Confirm with . or Enter, or press ? or * to list all spells.
The spell is quite dangerous to miscast (11% risk of failure)!
Continue anyway?
You miscast Iskenderun's Mystic Blast.
Space warps crazily around you.
You are magically locked in place.
* * * LOW HITPOINT WARNING * * *
The scorpion stings you.
* * * LOW HITPOINT WARNING * * *
Casting: Iskenderun's Mystic Blast (quite dangerous; 11% risk of failure)
Confirm with . or Enter, or press ? or * to list all spells.
The spell is quite dangerous to miscast (11% risk of failure)!
Continue anyway?
You erupt in a blast of force!
The mystic blast hits the scorpion but does no damage.
The scorpion is severely wounded.
* * * LOW HITPOINT WARNING * * *
You are no longer locked in place.
The scorpion stings you.
* * * LOW HITPOINT WARNING * * *
Casting: Iskenderun's Mystic Blast (quite dangerous; 11% risk of failure)
Confirm with . or Enter, or press ? or * to list all spells.
Aiming: Searing Ray (safe; 1% risk of failure)
Press: ? - help, Shift-Dir - straight line, f/p - scorpion
Aim: a scorpion (severely wounded, 79% to hit)
The searing ray hits the scorpion.
The scorpion is almost dead. (Press . to maintain the ray.)
* * * LOW HITPOINT WARNING * * *
The scorpion stings you.
You die...

###. # #...# .#
..)### #.#
###)..#####..#
#.....#.....##
#........)...##
#........@[...#
###.....$.s$....#
#...............#
#...............#
#...............#
##.............##
##.....#.....##
#############


You could see a scorpion.

Vanquished Creatures
  A centaur (D:6)
  A phantom (D:4)
  An orc priest (D:4)
  Crazy Yiuf (D:2)
  Jessica (D:2)
  An iguana (D:4)
  Natasha (thrice) (D:2)
  2 orc wizards
  Robin (D:2)
  6 adders
  2 worms (D:3)
  4 dart slugs (D:3)
  9 orcs
  10 endoplasms
  A giant cockroach (D:2)
  4 hobgoblins
  2 jackals (D:2)
  4 quokkas
  4 ball pythons
  A bat (D:3)
  A frilled lizard (D:1)
  9 goblins
  10 kobolds
  2 rats
81 creatures vanquished.

Vanquished Creatures (others)
  A fulminant prism (D:3)
1 creature vanquished.

Grand Total: 82 creatures vanquished

Notes
Turn   | Place    | Note
-------+----------+-------------------------------------------
     0 | D:1      | RascalDebosk the Djinni Conjurer began the quest for the
                  | Orb.
     0 | D:1      | RascalDebosk set off with the following spells memorised:
                  | Magic Dart, Searing Ray, Dazzling Flash, Fulminant Prism,
                  | Iskenderun's Mystic Blast.
     0 | D:1      | Reached XP level 1. HP: 15/15 MP: 0/0
   336 | D:1      | Reached XP level 2. HP: 20/21 MP: 0/0
   567 | D:1      | Found a faded altar of an unknown god.
   986 | D:2      | Reached XP level 3. HP: 18/25 MP: 0/0
   986 | D:2      | Learned a level 1 spell: Freeze
   986 | D:2      | Noticed Robin
   989 | D:2      | Killed Robin
   990 | D:2      | Reached skill level 4 in Spellcasting
  1148 | D:2      | Noticed Natasha
  1152 | D:2      | Killed Natasha
  1153 | D:2      | Reached XP level 4. HP: 21/31 MP: 0/0
  1165 | D:2      | Noticed Natasha
  1166 | D:2      | Killed Natasha
  1286 | D:2      | Noticed Natasha
  1296 | D:2      | Killed Natasha
  1297 | D:2      | Reached XP level 5. HP: 27/35 MP: 0/0
  1297 | D:2      | Learned a level 2 spell: Momentum Strike
  1502 | D:2      | Reached skill level 5 in Spellcasting
  1614 | D:2      | Found a runed translucent door.
  1615 | D:2      | Noticed Crazy Yiuf
  1622 | D:2      | Killed Crazy Yiuf
  1738 | D:2      | Noticed Jessica
  1740 | D:2      | Killed Jessica
  1741 | D:2      | Reached skill level 1 in Fighting
  1741 | D:2      | Reached XP level 6. HP: 39/42 MP: 0/0
  2013 | D:3      | Reached skill level 1 in Evocations
  2279 | D:3      | Reached skill level 1 in Armour
  2363 | D:3      | Reached skill level 1 in Short Blades
  2869 | D:4      | Reached XP level 7. HP: 17/49 MP: 0/0
  2869 | D:4      | Learned a level 3 spell: Vhi's Electric Charge
  3440 | D:4      | You are sucked into a shaft and drop 2 floors!
  3457 | D:6      | Slain by a scorpion

Illustrated notes

Levels and vault maps discovered:
D:1:      dpeg_arrival_three_smaller_balls, layout_basic,
          ebering_ecumenical_altar_petrified
D:2:      layout_basic, grunt_ministairs_14, uniq_robin, uniq_natasha,
          uniq_jessica, uniq_crazy_yiuf_cottage
D:3:      layout_loops_ring
D:4:      layout_loops_corners, minmay_temple_entry_offerings,
          kennysheep_generic_room_14
D:6:      layout_rooms, nicolae_qazlal_scattered_showers, tgw_kikubaaqudgha,
          kennysheep_mini_moat

Skill      XL: |  1  2  3  4  5  6 |
---------------+-------------------+-----
Spellcasting   | 4 5 |  5.5
Fighting       | 1 2 |  2.8
Evocations     | 1 |  1.7
Armour         | 1 |  1.9
Short Blades   | 1 |  1.5
Dodging        | |  2.1
Stealth        | |  1.5

Action                     |  1- 3 |  4- 6 |  7- 9 || total
---------------------------+-------+-------+-------++-------
  Melee: Dagger            |     4 |       |       ||     4
         Rapier            |       |       |     4 ||     4
   Cast: Magic Dart        |    22 |    64 |     6 ||    92
         Searing Ray       |     7 |    23 |     3 ||    33
         Iskenderun's Myst |       |     7 |     5 ||    12
         Fulminant Prism   |       |     1 |       ||     1
         Freeze            |       |       |     5 ||     5
 Armour: Robe              |       |     1 |     2 ||     3
  Dodge: Dodged            |     4 |     6 |     9 ||    19
